Map: Ruins of Seras

Players

seumga

  • Race: Protoss Protoss
  • League: Grandmaster

Javert - Winner!

  • Race: Zerg Zerg
  • League: Grandmaster

VOD

Have the link to the VOD?

Description

Time

  • Played on: June 25, 2015, 11:48 p.m.
  • Length: 3:49
Show
View Real Time Build Order
Export as new Build Order

seumga Protoss 

Build Orders: Forge Fast Expand (FFE) 

Get SALT Encoding   

  12  0:01  Probe  
  13  0:16  Pylon  
  13  0:19  Probe  
  14  0:34  Probe (Chrono Boost)  
  15  0:44  Forge  
  15  0:47  Probe (Chrono Boost)  
  16  0:54  Probe  
  17  1:07  Probe (Chrono Boost)  
  18  1:16  Probe (Chrono Boost)  
  19  1:26  Nexus  
  19  1:33  Photon Cannon  
  19  1:36  Probe  
  20  1:48  Pylon  
  20  1:49  Gateway  
  20  1:52  Probe  
  21  2:03  Assimilator  
  21  2:06  Probe (Chrono Boost)  
  21  2:07  Assimilator  
  22  2:14  Pylon  
  22  2:18  Probe (Chrono Boost)  
  23  2:26  Probe (Chrono Boost)  
  24  2:36  Probe (Chrono Boost)  
  25  2:40  Probe (Chrono Boost)  
  25  2:44  Cybernetics Core  
  26  2:49  Probe (Chrono Boost)  
  28  2:52  Probe (Chrono Boost), Zealot  
  28  2:57  Probe (Chrono Boost)  
  32  3:00  Probe (Chrono Boost)  
  32  3:05  Probe (Chrono Boost)  
  33  3:09  Probe (Chrono Boost)  
  33  3:11  Pylon  
  34  3:17  Probe (Chrono Boost)  
  36  3:20  Sentry  
  36  3:21  Probe (Chrono Boost)  
  39  3:27  Probe (Chrono Boost)  
  39  3:28  Probe (Chrono Boost)  
  39  3:31  Assimilator  
Show
View Real Time Build Order
Export as new Build Order

Javert Zerg - Winner!

Build Orders: Hatch First 

Get SALT Encoding   

  12  0:02  Drone  
  13  0:14  Overlord  
  13  0:19  Drone  
  14  0:32  Drone x2  
  16  0:38  Drone  
  17  0:53  Hatchery  
  16  0:57  Drone, Extractor  
  16  1:08  Drone  
  17  1:16  Spawning Pool  
  16  1:20  Drone  
  16  1:22  Drone  
  18  1:32  Drone  
  19  1:44  Drone  
  20  1:52  Overlord  
  20  2:03  Metabolic Boost  
  20  2:04  Queen  
  20  2:06  Queen  
  24  2:22  Zergling x8  
  28  2:30  Zergling x4  
  30  2:38  Zergling x4  
  32  2:52  Zergling x2  
  32  2:53  Zergling x2  
  34  3:06  Overlord  
  34  3:07  Overlord  
  34  3:17  Overlord  
Tags
 
Add a new tag
Caveats
  • Supply blocks, unpowered buildings, or Contaminate may cause inaccurate times.
  • Supply counts are checked every 10 seconds.